Map: 2000 Atmospheres LE

Players

Grolg - Winner!

  • Race: Terran Terran
  • League: Master

Starfish

  • Race: Zerg Zerg
  • League: Master

VOD

Have the link to the VOD?

Description

Time

  • Played on: July 31, 2021, 7:23 a.m.
  • Length: 24:45
Show
View Real Time Build Order
Export as new Build Order

Grolg Terran - Winner!

Build Orders: Reaper Expand 

Get SALT Encoding   

  12  0:00  SCV  
  13  0:12  SCV  
  14  0:16  Supply Depot  
  14  0:24  SCV  
  15  0:38  SCV  
  15  0:39  Barracks  
  16  0:43  Refinery  
  16  0:50  SCV  
  17  1:02  SCV  
  18  1:14  SCV  
  19  1:26  Orbital Command, Reaper  
  20  1:38  Command Center  
  20  1:45  Supply Depot  
  20  1:52  SCV  
  21  1:58  Marine  
  22  2:04  SCV  
  23  2:12  Factory  
  23  2:17  SCV  
  24  2:25  Barracks Reactor  
  24  2:29  SCV  
  25  2:41  SCV  
  25  2:42  Command Center  
  26  2:51  Orbital Command  
  26  2:53  SCV  
  27  3:00  Barracks  
  27  3:06  SCV  
  27  3:08  Refinery  
  28  3:13  Hellion  
  28  3:17  SCV  
  28  3:18  SCV, Barracks Tech Lab  
  32  3:23  Hellion  
  34  3:29  SCV  
  34  3:30  SCV  
  36  3:39  Marine, Stimpack  
  37  3:41  SCV  
  37  3:42  SCV  
  39  3:50  Starport  
  39  3:53  SCV, Orbital Command  
  39  3:54  SCV, Factory Reactor  
  41  3:56  Marine  
  41  3:57  Marine  
  41  3:58  Marine  
  44  4:05  SCV  
  44  4:06  SCV  
  44  4:08  Supply Depot  
  46  4:13  Marine  
  46  4:14  Marine  
  46  4:16  Marine  
  49  4:17  SCV  
  49  4:18  SCV  
  49  4:21  SCV  
  52  4:29  SCV  
  52  4:30  SCV  
  52  4:31  Barracks, Supply Depot  
  54  4:33  SCV, Supply Depot  
  54  4:34  Marine  
  54  4:35  Marine x2  
  54  4:37  Medivac  
  60  4:43  SCV x2  
  58  4:51  SCV  
  58  4:53  Supply Depot  
  58  4:55  SCV x2, Marine x3  
  58  4:56  Factory Tech Lab  
  63  5:03  Refinery, SCV  
  66  5:07  Refinery, SCV x2  
  66  5:12  Marine  
  67  5:16  Starport Reactor  
  67  5:18  Marine  
  67  5:19  Combat Shield, Orbital Command  
  67  5:20  SCV x2  
  70  5:29  Marine x3  
  70  5:32  SCV x2  
  75  5:37  Marine x2  
  75  5:39  Siege Tank  
  80  5:43  Barracks  
  80  5:44  SCV x2  
  80  5:45  Barracks  
  80  5:46  Marine x2  
  80  5:47  Engineering Bay x2  
  80  5:49  Supply Depot  
  84  5:51  SCV  
  84  5:56  SCV x2  
  87  6:03  SCV, Marine x3  
  91  6:04  Marine x2  
  91  6:10  SCV  
  94  6:12  Medivac x2  
  94  6:13  SCV  
  94  6:15  SCV  
  94  6:16  Terran Infantry Weapons Level 1  
  94  6:18  Terran Infantry Armor Level 1  
  100  6:20  Supply Depot  
  100  6:21  Marine  
  100  6:23  Supply Depot  
  101  6:25  Supply Depot  
  101  6:30  Supply Depot  
  101  6:31  Supply Depot  
  101  6:35  Refinery  
  101  6:37  Refinery  
  101  6:38  Barracks Reactor x2  
  101  6:41  SCV x3, Marine x3  
  107  6:50  Marine x2  
  107  6:51  Medivac x2  
  112  6:57  SCV x3  
  115  7:04  Command Center  
  115  7:06  Supply Depot x2, Armory, Marine x3  
  115  7:08  Siege Tank, Marine x2  
  122  7:13  Marine x2  
  125  7:18  Supply Depot  
  125  7:19  Supply Depot  
  124  7:23  Marine  
  124  7:24  Marine x4  
  124  7:25  Medivac x2  
  133  7:38  Marine x2  
  133  7:39  Marine x2  
  133  7:40  Siege Tank  
  140  7:47  Barracks  
  140  7:48  Barracks, Supply Depot  
  140  7:50  Barracks  
  140  7:51  Factory  
  140  7:58  Marine x9  
  133  8:14  Siege Tank  
  133  8:15  Terran Vehicle Weapons Level 1, Terran Infantry Armor Level 2, Terran Infantry Weapons Level 2  
  133  8:16  Marine x4  
  140  8:38  Marine x9  
  140  8:39  Factory Tech Lab  
  149  8:46  Siege Tank  
  147  8:49  Marine x2  
  149  8:58  Marine x2, Marauder  
  152  9:03  Marine x7  
  152  9:07  Marine x2  
  152  9:09  Siege Tank  
  162  9:15  Marine, Medivac x2  
  162  9:16  Marine  
  165  9:18  Siege Tank  
  165  9:19  Marauder  
  168  9:25  Marine x2  
  168  9:26  Marine x2  
  166  9:32  Marine x5  
  166  9:33  Marine  
  167  9:41  Siege Tank, Marauder  
  167  9:42  Marine  
  167  9:43  Marine x3  
  174  9:50  Siege Tank  
  177  9:54  Marine  
  177  10:00  Marine x6  
  176  10:13  Siege Tank  
  159  10:19  Marine x7, Marauder  
  159  10:21  Planetary Fortress  
  158  10:22  Siege Tank  
  158  10:24  Marine  
  158  10:25  Marine x3  
  165  10:34  Command Center  
  165  10:41  Terran Vehicle Weapons Level 2  
  165  10:42  Terran Infantry Armor Level 3, Terran Infantry Weapons Level 3  
  165  10:43  Marine  
  165  10:45  Siege Tank  
  168  10:54  Siege Tank  
  162  11:01  Marine x2, Medivac x2  
  161  11:08  Marine  
  161  11:09  Marine x2  
  161  11:11  Marine x3  
  150  11:14  Marine  
  150  11:15  Marine x3  
  150  11:18  Siege Tank  
  159  11:19  Marine x2  
  161  11:26  Siege Tank, Marine  
  161  11:27  Marine x2  
  161  11:29  Marine x3  
  161  11:31  Command Center  
  161  11:32  Marine x3  
  154  11:33  Marine  
  154  11:37  Marine x2  
  154  11:39  Medivac x2  
  146  11:50  Siege Tank  
  146  11:53  Command Center  
  149  11:58  Siege Tank  
  152  12:02  Refinery x2, Ghost Academy  
  148  12:09  Medivac x2  
  132  12:15  Marine  
  132  12:16  Marine x2  
  132  12:19  Marine x3  
  132  12:20  Marine x6  
  132  12:22  Siege Tank  
  147  12:30  Siege Tank  
  147  12:33  Marine  
  147  12:34  Marine  
  152  12:39  Medivac x2  
  139  12:52  Marine x9  
  139  12:54  Siege Tank  
  151  12:59  Orbital Command  
  151  13:02  Siege Tank  
  151  13:04  Command Center  
  154  13:09  Medivac x2  
  136  13:20  Marine x5  
  136  13:21  Marine x5  
  136  13:26  Siege Tank  
  147  13:33  Ghost Academy, Planetary Fortress  
  146  13:35  Siege Tank  
  146  13:41  Barracks Tech Lab x3  
  143  13:42  Marauder  
  143  13:44  Refinery  
  143  13:45  Refinery  
  143  13:46  Orbital Command  
  137  13:51  Marine  
  137  13:54  Terran Vehicle Weapons Level 3  
  138  14:03  Marauder  
  138  14:04  Personal Cloaking  
  138  14:05  Ghost x2  
  138  14:08  Siege Tank  
  147  14:11  Factory  
  147  14:17  Orbital Command  
  147  14:21  Marauder  
  147  14:22  Concussive Shells  
  149  14:25  Marauder  
  149  14:26  Siege Tank  
  149  14:29  SCV x2  
  156  14:34  Marauder x2  
  160  14:43  Marauder  
  149  14:46  Marauder  
  149  14:50  Marine  
  130  14:56  Marine x2, Marauder x2  
  130  14:57  Siege Tank  
  130  14:58  Siege Tank, Factory Tech Lab  
  138  15:04  Marauder  
  140  15:07  Neosteel Armor, Hi-Sec Auto Tracking, Marauder  
  142  15:15  Marine  
  142  15:16  Marine x2  
  142  15:17  Marauder x2  
  149  15:21  Siege Tank  
  149  15:25  Marauder  
  154  15:29  Siege Tank, Marauder  
  154  15:31  Siege Tank  
  162  15:38  Command Center, Marauder  
  162  15:39  Marauder  
  166  15:46  Liberator  
  166  15:47  Liberator, Marauder  
  166  15:49  Ghost  
  174  15:59  Ghost  
  174  16:00  Marauder  
  174  16:01  Siege Tank  
  181  16:07  Siege Tank x2  
  181  16:08  Marauder  
  184  16:19  Marauder  
  184  16:21  Marauder  
  188  16:28  Marauder  
  188  16:30  Marauder  
  192  16:33  Siege Tank  
  192  16:39  Ghost, Siege Tank x2  
  186  16:42  Ghost  
  182  16:49  Ghost  
  182  16:51  Marauder  
  172  16:59  Marine x4  
  175  17:05  Siege Tank  
  175  17:07  Marine x4  
  182  17:09  Marauder  
  182  17:11  Marauder  
  182  17:12  Siege Tank  
  189  17:23  Marine x2, Marauder x2  
  189  17:28  Marine x3  
  195  17:30  Marauder  
  195  17:33  Marauder  
  199  17:37  Marine  
  199  17:42  Factory Tech Lab  
  199  17:43  Marine x2  
  199  17:56  Marine  
  199  17:57  Marauder  
  199  18:14  Marine  
  146  18:34  Marine x5  
  146  18:35  Marauder  
  146  18:36  Barracks Tech Lab  
  146  18:37  Ghost  
  146  18:38  Marine x3  
  146  18:39  Siege Tank x3  
  146  18:40  Barracks Tech Lab  
  167  18:45  Orbital Command  
  167  18:55  Ghost  
  167  18:57  Marine, Marauder  
  172  19:05  Ghost, Marine  
  172  19:06  Marine, Marauder  
  172  19:09  Terran Vehicle And Ship Armor Level 1  
  178  19:19  Marauder  
  178  19:24  Ghost  
  180  19:31  Liberator x2  
  188  19:34  Ghost  
  190  19:41  Refinery  
  190  19:42  Refinery  
  183  19:52  Ghost  
  181  19:58  Marine  
  181  19:59  Marauder  
  172  20:14  Medivac x2  
  161  20:25  Marauder  
  164  20:29  Marauder  
  164  20:34  Marine  
  153  20:46  Marauder  
  153  20:49  Marine x2  
  139  20:51  Marauder  
  130  21:05  SCV x2  
  130  21:08  Marauder  
  131  21:12  Marauder  
  131  21:16  Barracks  
  131  21:17  Barracks  
  129  21:18  Barracks  
  129  21:19  Barracks  
  129  21:24  SCV  
  129  21:25  SCV, Missile Turret  
  120  21:29  Marauder  
  120  21:30  SCV  
  120  21:31  SCV x2  
  112  21:34  Marauder  
  112  21:40  Factory  
  112  21:42  Factory x2, SCV  
  112  21:43  SCV x3  
  112  21:44  SCV x2, Starport x2  
  118  21:50  Marauder  
  120  21:55  SCV x3, Planetary Fortress, Marauder  
  120  21:57  Barracks  
  120  21:59  Barracks x2  
  125  22:01  Siege Tank  
  125  22:04  Marine  
  125  22:05  Marine x3  
  125  22:07  Ghost Academy  
  132  22:11  Marine  
  133  22:16  Marine  
  133  22:22  Marine x2, Medivac x2  
  142  22:30  Marauder  
  142  22:31  Orbital Command  
  142  22:33  Siege Tank  
  142  22:34  Marine  
  142  22:38  Factory Tech Lab x3  
  142  22:39  Marine x2  
  142  22:40  Marine  
  142  22:44  Marine  
  146  22:51  Medivac, Marauder  
  146  22:52  Medivac, Marauder  
  146  22:54  Missile Turret  
  146  22:57  Marine x2  
  146  22:58  Marine  
  154  23:11  Marine x4  
  160  23:12  Marauder  
  160  23:13  Marauder  
  160  23:15  Marine x2  
  160  23:16  Marine  
  165  23:29  Marine x4  
  165  23:32  Marine x2  
  173  23:34  Marauder  
  173  23:35  Marauder  
  173  23:38  Marine  
  176  23:51  Barracks Tech Lab x4  
  176  23:55  Medivac  
  176  23:58  Marauder  
  176  24:08  Supply Depot  
  176  24:09  Supply Depot  
  176  24:24  Marine x2  
  176  24:25  Command Center  
  176  24:26  SCV x3  
  176  24:27  SCV x3, Marine  
Show
View Real Time Build Order
Export as new Build Order

Starfish Zerg 

Build Orders: Pool First, Lurkers 

Get SALT Encoding   

  12  0:00  Drone  
  13  0:12  Overlord  
  13  0:16  Drone  
  14  0:30  Drone x2  
  16  0:40  Spawning Pool  
  15  0:46  Drone  
  15  0:48  Drone  
  17  1:08  Hatchery  
  17  1:10  Drone  
  17  1:13  Drone  
  18  1:20  Extractor  
  18  1:21  Drone  
  18  1:29  Zergling x2  
  18  1:31  Queen  
  21  1:40  Overlord  
  21  1:51  Drone  
  22  2:02  Drone  
  22  2:06  Queen  
  25  2:16  Drone  
  26  2:28  Metabolic Boost  
  25  2:31  Drone x3  
  28  2:38  Drone  
  28  2:40  Queen  
  31  2:48  Hatchery  
  30  2:53  Drone x2  
  30  2:54  Drone  
  30  2:57  Drone x2  
  35  3:03  Overlord  
  35  3:14  Overlord, Drone  
  36  3:21  Queen  
  36  3:22  Drone  
  36  3:23  Drone x3  
  42  3:31  Drone x2  
  44  3:39  Zergling x4  
  46  3:45  Baneling Nest  
  46  3:47  Zergling x2  
  46  3:49  Zergling x8  
  50  3:56  Overlord, Drone x2  
  52  4:08  Queen, Drone x3  
  57  4:12  Overlord x2  
  57  4:13  Queen  
  59  4:17  Zergling x2  
  60  4:26  Zergling x6  
  63  4:31  Drone x2  
  63  4:32  Drone  
  63  4:37  Extractor  
  61  4:48  Drone x5  
  61  4:49  Lair  
  63  4:53  Extractor  
  63  4:54  Drone x4  
  63  4:56  Queen x2  
  70  5:11  Drone x3  
  70  5:13  Drone, Evolution Chamber  
  70  5:14  Zergling x4  
  75  5:19  Spore Crawler  
  74  5:22  Hatchery, Spore Crawler  
  74  5:23  Zergling x2  
  74  5:24  Zergling x16  
  81  5:35  Zergling x2  
  82  5:37  Baneling x4  
  82  5:40  Zerg Ground Armor Level 1  
  82  5:44  Extractor  
  81  5:59  Centrifugal Hooks  
  81  6:03  Overlord x2  
  81  6:04  Overlord x4, Evolution Chamber  
  80  6:26  Drone x12  
  80  6:32  Hatchery  
  91  6:35  Zerg Melee Weapons Level 1  
  91  6:38  Drone x2  
  91  6:39  Zergling x10  
  98  6:40  Spore Crawler  
  98  6:41  Spore Crawler  
  93  6:49  Hatchery  
  93  6:56  Baneling  
  93  6:57  Baneling x7  
  93  7:11  Zergling x22  
  103  7:25  Drone x10  
  109  7:43  Drone x5  
  109  7:44  Drone x3  
  117  7:46  Overlord x3  
  117  7:47  Overlord  
  117  7:48  Hydralisk Den  
  117  7:49  Zerg Ground Armor Level 2  
  115  8:03  Drone  
  115  8:04  Zergling x10, Drone x2  
  119  8:07  Extractor  
  119  8:10  Extractor  
  117  8:21  Hydralisk x8  
  117  8:22  Hydralisk x6  
  117  8:23  Overlord x2  
  145  8:33  Muscular Augments  
  145  8:34  Infestation Pit  
  144  8:36  Baneling  
  144  8:37  Baneling x2  
  144  8:45  Zergling x24  
  152  9:01  Baneling x8  
  152  9:02  Baneling x3, Zergling x12  
  153  9:04  Zergling x8  
  153  9:05  Zergling x8  
  153  9:08  Queen  
  154  9:25  Zergling x24  
  164  9:31  Extractor  
  164  9:35  Drone  
  164  9:36  Drone x5  
  164  9:39  Hydralisk x9  
  164  9:41  Zergling x6  
  164  9:44  Hatchery  
  178  9:50  Baneling x6  
  178  9:52  Queen  
  179  9:56  Zergling x8  
  182  10:04  Queen  
  174  10:10  Zergling x6  
  174  10:11  Zergling x32  
  165  10:19  Zergling x2  
  165  10:20  Zergling x10  
  158  10:26  Baneling x6  
  158  10:27  Zergling x4  
  160  10:35  Hive  
  160  10:40  Grooved Spines  
  160  10:41  Zerg Missile Weapons Level 1  
  160  10:42  Zerg Melee Weapons Level 2  
  154  10:55  Zergling x2  
  154  10:56  Zergling x8  
  129  11:06  Zergling x14  
  129  11:07  Zergling x10  
  129  11:08  Zergling x14  
  129  11:13  Zergling x6  
  129  11:17  Baneling x4  
  125  11:18  Baneling x3  
  125  11:19  Zergling x8  
  117  11:34  Zergling x2  
  117  11:35  Zergling x18  
  118  11:42  Zergling x14  
  125  11:56  Adrenal Glands  
  125  11:59  Lurker Den x2  
  123  12:07  Zergling x4  
  123  12:08  Zergling x14  
  122  12:10  Extractor  
  122  12:12  Zergling x26  
  122  12:13  Zergling x2  
  118  12:16  Zergling x2  
  115  12:26  Baneling  
  115  12:27  Baneling x6, Zergling x2  
  115  12:28  Zergling x24  
  126  12:44  Zergling x8  
  113  12:51  Zergling x18  
  121  12:59  Lurker x5  
  121  13:00  Queen  
  121  13:01  Hatchery  
  118  13:16  Zergling x30  
  118  13:19  Zergling x2  
  117  13:30  Zergling x10  
  117  13:31  Zergling x2  
  123  13:34  Adaptive Talons  
  119  13:51  Baneling  
  119  13:52  Baneling x7  
  116  13:58  Extractor  
  116  14:00  Zerg Missile Weapons Level 2  
  115  14:04  Seismic Spines  
  115  14:05  Zerg Melee Weapons Level 3  
  115  14:13  Hydralisk x8  
  115  14:15  Lurker  
  132  14:17  Baneling x4  
  132  14:23  Hatchery  
  131  14:29  Zergling x20  
  140  14:33  Viper  
  140  14:34  Viper  
  135  14:52  Zergling x22  
  128  14:53  Zergling x8  
  128  14:55  Zergling x6  
  135  15:02  Drone x2  
  135  15:08  Lurker x8  
  144  15:15  Spore Crawler  
  143  15:23  Hatchery  
  143  15:24  Overlord x5  
  142  15:29  Baneling x7  
  142  15:35  Overseer x2  
  142  15:39  Pneumatized Carapace  
  142  15:56  Hydralisk  
  144  15:58  Hydralisk x11  
  165  16:16  Zergling x30  
  174  16:32  Zergling x10  
  176  16:39  Zergling x34  
  177  16:40  Zergling x2  
  177  16:45  Zergling x2  
  177  16:46  Zergling x8  
  172  16:51  Drone  
  172  16:52  Drone x4  
  172  17:08  Hydralisk x3  
  172  17:12  Burrow  
  178  17:17  Hatchery  
  174  17:29  Overlord x2  
  174  17:30  Overlord  
  174  17:34  Lurker x2  
  173  17:46  Zergling x26  
  173  17:47  Baneling  
  173  17:48  Baneling x2  
  173  17:50  Hatchery  
  180  18:17  Hatchery  
  126  18:41  Lurker x5  
  130  18:43  Hydralisk x4  
  130  18:44  Zergling x22  
  150  18:55  Viper x2  
  156  19:06  Zerg Missile Weapons Level 3  
  156  19:14  Spore Crawler  
  156  19:16  Zergling x2  
  156  19:17  Zergling x2  
  157  19:21  Spore Crawler  
  154  19:33  Baneling x3  
  154  19:34  Baneling x5  
  141  19:49  Zergling x14  
  141  19:50  Zergling x2  
  132  20:11  Zergling x4  
  132  20:12  Zergling x12  
  132  20:33  Zergling x2  
  132  20:34  Zergling x14  
  139  20:38  Hydralisk  
  98  21:21  Hydralisk x7  
  78  21:50  Hatchery  
  77  21:56  Lurker x2  
  77  21:57  Lurker x2  
  77  21:58  Hydralisk  
  82  22:26  Zergling x8  
  82  22:27  Zergling x14  
  76  23:10  Spire  
  71  23:38  Hydralisk x8  
  71  23:39  Zergling x12  
  71  23:40  Zergling x18  
  102  23:58  Overseer  
  102  24:07  Baneling  
  102  24:08  Baneling x3  
  102  24:14  Baneling x7  
Tags
 
Add a new tag
Caveats
  • Supply blocks, unpowered buildings, or Contaminate may cause inaccurate times.
  • Supply counts are checked every 10 seconds.